[Event "Asian Nation Cup Women 2018"]
[Site "Hamedan"]
[Date "2018.07.28"]
[Round "1"]
[White "Wang, Jue"]
[Black "Pham, Le Thao Nguyen"]
[Result "1/2-1/2"]
[ECO "C50"]
[WhiteElo "2377"]
[BlackElo "2334"]
[Annotator "NA"]
[PlyCount "81"]
[EventDate "2018.07.27"]
[EventType "swiss"]
[EventCountry "IRI"]
[SourceTitle "playchess.com"]
[Source "ChessBase"]
[SourceQuality "1"]
[WhiteTeam "China"]
[BlackTeam "Vietnam"]
[WhiteTeamCountry "CHN"]
[BlackTeamCountry "VIE"]
[TimeControl "40/5400+30:1800+30"]

1. e4 e5 2. Nf3 Nc6 3. Bc4 Bc5 4. O-O Nf6 5. d3 O-O 6. h3 d6 7. c3 a6 8. Bb3 Ba7 9. Nbd2 Ne7 10. Re1 Ng6 11. Nf1 Be6 12. Bc2 Qc8 13. d4 Nh5 14. Ne3 Nhf4 15. Nf5 Re8 16. g3 Nxh3+ 17. Kg2 d5 18. N3h4 dxe4 19. Bxe4 exd4 20. Qf3 Qd7 21. Kxh3 d3 22. Rd1 Ne5 23. Qg2 h5 24. f3 g6 25. g4 Kh7 26. Bf4 Bd5 27. Bxe5 Bxe4 28. Ng3 hxg4+ 29. Kh2 Bxf3 30. Nxf3 gxf3 31. Ne4 fxg2 32. Nf6+ Kh6 33. Nxd7 Rad8 34. Rxd3 g1=Q+ 35. Rxg1 Bxg1+ 36. Kxg1 Rxd7 37. Bf4+ g5 38. Bxg5+ Kxg5 39. Rxd7 f5 40. Rxc7 b5 41. Kf2 1/2-1/2

[Event "Asian Nation Cup Women 2018"]
[Site "Hamedan"]
[Date "2018.07.28"]
[Round "1"]
[White "Hoang, Thi Bao Tram"]
[Black "Lei, Tingjie"]
[Result "0-1"]
[ECO "E53"]
[WhiteElo "2364"]
[BlackElo "2473"]
[Annotator "ChessBase"]
[PlyCount "120"]
[EventDate "2018.07.27"]
[EventType "swiss"]
[EventCountry "IRI"]
[SourceTitle "playchess.com"]
[Source "ChessBase"]
[SourceQuality "1"]
[WhiteTeam "Vietnam"]
[BlackTeam "China"]
[WhiteTeamCountry "VIE"]
[BlackTeamCountry "CHN"]
[TimeControl "40/5400+30:1800+30"]

1. d4 Nf6 2. c4 e6 3. Nc3 Bb4 4. e3 O-O 5. Bd3 d5 6. Nf3 c5 7. O-O cxd4 8. exd4 dxc4 9. Bxc4 b6 10. Bg5 Bb7 11. Qd3 Nbd7 12. a3 Bxc3 13. bxc3 Qc7 14. Ba2 Be4 15. Qe3 Bd5 16. Bb1 Rac8 17. Rc1 Rfe8 18. Ne5 Nxe5 19. dxe5 Nd7 20. Bf4 Qc6 21. Qg3 Be4 22. h4 Kh8 23. Rd1 Nc5 24. c4 Bxb1 25. Raxb1 Qe4 26. h5 h6 27. Qe3 Qxe3 28. Bxe3 Re7 29. Rbc1 Rec7 30. Bxc5 Rxc5 31. Rd7 Kg8 32. Rxa7 Rxe5 33. g4 Rg5 34. f3 f5 35. Rd1 e5 36. Kf2 fxg4 37. fxg4 Rxg4 38. Rd6 Rgxc4 39. Rxb6 Rf8+ 40. Ke2 Rc2+ 41. Ke3 Rh2 42. Rbb7 Rf4 43. Kd3 Rg4 44. Re7 Rxh5 45. Ke2 e4 46. a4 Rh3 47. a5 Ra3 48. a6 Rg6 49. Kf2 Kh7 50. Ke2 h5 51. Re5 Rg2+ 52. Kf1 Rh2 53. Kg1 Rb2 54. Rf7 Rxa6 55. Rf1 Kh6 56. Rxe4 Raa2 57. Rd1 Rg2+ 58. Kh1 Rh2+ 59. Kg1 Rag2+ 60. Kf1 Rh1+ 0-1

[Event "Asian Nation Cup Women 2018"]
[Site "Hamedan"]
[Date "2018.07.28"]
[Round "1"]
[White "Nakhbayeva, Guliskhan"]
[Black "Yaghy, Ritta"]
[Result "1-0"]
[ECO "B19"]
[WhiteElo "2352"]
[BlackElo "1753"]
[Annotator "NA"]
[PlyCount "107"]
[EventDate "2018.07.27"]
[EventType "swiss"]
[EventCountry "IRI"]
[SourceTitle "playchess.com"]
[Source "ChessBase"]
[SourceQuality "1"]
[WhiteTeam "KAZ"]
[BlackTeam "SYR"]
[WhiteTeamCountry "KAZ"]
[TimeControl "40/5400+30:1800+30"]

1. e4 c6 2. d4 d5 3. Nc3 dxe4 4. Nxe4 Bf5 5. Ng3 Bg6 6. h4 h6 7. Nf3 Nd7 8. h5 Bh7 9. Bd3 Bxd3 10. Qxd3 e6 11. Bd2 Ngf6 12. O-O-O Qc7 13. Ne4 Nxe4 14. Qxe4 Nf6 15. Qe2 a6 16. Ne5 Rd8 17. Bf4 Bd6 18. Kb1 Nd5 19. Bd2 b5 20. f4 c5 21. dxc5 Qxc5 22. f5 Nc7 23. Bc3 O-O 24. Bd4 Qd5 25. f6 Bxe5 26. Bxe5 Qc5 27. Qg4 Rxd1+ 28. Rxd1 Ne8 29. fxg7 Qxe5 30. gxf8=Q+ Kxf8 31. a4 Nd6 32. Qb4 Ke7 33. axb5 axb5 34. g4 f6 35. Qa3 f5 36. gxf5 exf5 37. Qa7+ Ke6 38. b3 Ne4 39. Qd7+ Kf6 40. Qd8+ Ke6 41. Qe8+ Kf6 42. Qh8+ Ke6 43. Qxh6+ Ke7 44. Qh7+ Kf6 45. Qh8+ Ke6 46. Qe8+ Kf6 47. Qh8+ Ke6 48. Qe8+ Kf6 49. Qxe5+ Kxe5 50. Rh1 Ng5 51. h6 Nh7 52. Rg1 f4 53. Rg7 Nf6 54. h7 1-0

[Event "Asian Nation Cup Women 2018"]
[Site "Hamedan"]
[Date "2018.07.28"]
[Round "1"]
[White "Zhai, Mo"]
[Black "Nguyen, Thi Mai Hung"]
[Result "1/2-1/2"]
[ECO "D70"]
[WhiteElo "2350"]
[BlackElo "2226"]
[Annotator "NA"]
[PlyCount "127"]
[EventDate "2018.07.27"]
[EventType "swiss"]
[EventCountry "IRI"]
[SourceTitle "playchess.com"]
[Source "ChessBase"]
[SourceQuality "1"]
[WhiteTeam "CHN"]
[BlackTeam "VIE"]
[TimeControl "40/5400+30:1800+30"]

1. d4 Nf6 2. c4 g6 3. Nf3 Bg7 4. Bf4 O-O 5. e3 $11 {[%emt 0:01:14] LiveBook: 29 Games} d5 6. Nbd2 c5 7. cxd5 Nxd5 8. Be5 Bxe5 9. dxe5 Nc6 10. Bb5 Ndb4 11. O-O a6 12. Bxc6 Nxc6 13. Qc2 b6 14. Qe4 Qc7 15. Rac1 Bb7 16. Qf4 Kg7 17. a3 Rad8 18. Ne4 Qc8 19. Rc3 h6 20. Rb3 Na5 21. Rc3 Qe6 22. Ned2 Nc6 23. h4 Rd7 24. h5 gxh5 25. Ne4 Rd5 26. Ng3 Nxe5 27. Nf5+ Kh7 28. N3h4 Rg8 29. e4 Rd7 30. Nxh6 Qxh6 31. Qf5+ Kh8 32. Qxe5+ f6 33. Qe6 Bc8 34. Nf5 Qh7 35. Qxb6 Rb7 36. Qxc5 Bxf5 37. exf5 Rb5 38. Qc7 Rxf5 39. Rg3 Rxg3 40. Qxg3 Rg5 41. Qh3 a5 42. Rc1 Qf5 43. Qf3 Qd5 44. Qxd5 Kh7 45. Rc8 Rxd5 46. Rc7 Rd1+ 47. Kh2 Rd2 48. Rxe7+ Kg6 49. Rb7 Rxf2 50. b3 Rc2 51. a4 Rc3 52. Rb5 h4 53. Kh1 f5 54. Kh2 Kg5 55. Rxa5 Rxb3 56. Ra8 Ra3 57. a5 Kf4 58. a6 h3 59. gxh3 Kf3 60. a7 Ra2+ 61. Kg1 Ra1+ 62. Kh2 Ra2+ 63. Kg1 Ra1+ 64. Kh2 1/2-1/2

[Event "Asian Nation Cup Women 2018"]
[Site "Hamedan"]
[Date "2018.07.28"]
[Round "1"]
[White "Nguyen, Thi Thanh An"]
[Black "Guo, Qi"]
[Result "1/2-1/2"]
[ECO "D31"]
[WhiteElo "2257"]
[BlackElo "2361"]
[Annotator "NA"]
[PlyCount "55"]
[EventDate "2018.07.27"]
[EventType "swiss"]
[EventCountry "IRI"]
[SourceTitle "playchess.com"]
[Source "ChessBase"]
[SourceQuality "1"]
[WhiteTeam "Vietnam"]
[BlackTeam "China"]
[WhiteTeamCountry "VIE"]
[BlackTeamCountry "CHN"]
[TimeControl "40/5400+30:1800+30"]

1. d4 d5 2. c4 e6 3. Nc3 Bb4 4. cxd5 exd5 5. Bf4 c6 6. e3 Bf5 7. Bd3 Bxd3 8. Qxd3 Bd6 9. Bxd6 Qxd6 10. Nf3 Nf6 11. O-O O-O 12. Rab1 a5 13. Qf5 Qe7 14. Rfc1 Nbd7 15. Ng5 Ne8 16. a3 Ndf6 17. Na4 Nd6 18. Qe5 Qd8 19. Nc5 Nc4 20. Qf5 Qe7 21. Rxc4 dxc4 22. Nce4 Rfd8 23. Nxf6+ Qxf6 24. Qxh7+ Kf8 25. Qh5 Kg8 26. Qh7+ Kf8 27. Qh5 Kg8 28. Qh7+ 1/2-1/2

[Event "Asian Nation Cup Women 2018"]
[Site "Hamedan"]
[Date "2018.07.29"]
[Round "2"]
[White "Lei, Tingjie"]
[Black "Harika, Dronavalli"]
[Result "1/2-1/2"]
[ECO "D31"]
[WhiteElo "2473"]
[BlackElo "2494"]
[Annotator "RC"]
[PlyCount "31"]
[EventDate "2018.07.27"]
[EventType "swiss"]
[EventCountry "IRI"]
[SourceTitle "playchess.com"]
[Source "ChessBase"]
[SourceQuality "1"]
[WhiteTeam "China"]
[BlackTeam "India"]
[WhiteTeamCountry "CHN"]
[BlackTeamCountry "IND"]
[TimeControl "40/5400+30:1800+30"]

1. d4 d5 2. c4 e6 3. Nc3 a6 4. e3 Nf6 5. Nf3 b6 6. b3 Bb7 7. Bb2 Bd6 8. Bd3 O-O 9. Qe2 Nbd7 10. O-O Ne4 11. Rfd1 Qe7 12. Rac1 f5 13. Bb1 Rac8 14. Bd3 Ra8 15. Bb1 Rac8 16. Bd3 1/2-1/2

[Event "Asian Nation Cup Women 2018"]
[Site "Hamedan"]
[Date "2018.07.29"]
[Round "2"]
[White "Guo, Qi"]
[Black "Padmini, Rout"]
[Result "1-0"]
[ECO "D85"]
[WhiteElo "2361"]
[BlackElo "2338"]
[Annotator "NA"]
[PlyCount "83"]
[EventDate "2018.07.27"]
[EventType "swiss"]
[EventCountry "IRI"]
[SourceTitle "playchess.com"]
[Source "ChessBase"]
[SourceQuality "1"]
[WhiteTeam "China"]
[BlackTeam "India"]
[WhiteTeamCountry "CHN"]
[BlackTeamCountry "IND"]
[TimeControl "40/5400+30:1800+30"]

1. d4 Nf6 2. Nf3 g6 3. c4 Bg7 4. Nc3 d5 5. cxd5 Nxd5 6. e4 Nxc3 7. bxc3 O-O 8. Be2 c5 9. O-O b6 10. Be3 Bb7 11. Qd3 cxd4 12. cxd4 Nc6 13. Rac1 e6 14. Rfd1 Qd6 15. Qb1 Rac8 16. h3 h6 17. Bb5 Kh7 18. h4 Kh8 19. d5 exd5 20. exd5 Ne7 21. Bc6 Bxc6 22. dxc6 Qe6 23. Re1 Qd6 24. Red1 Qe6 25. Nd4 Qf6 26. Qb5 Rfd8 27. c7 Rd5 28. Qb3 Qxh4 29. Nf3 Qe4 30. Re1 Qd3 31. Qa4 Qb5 32. Qxa7 Qd7 33. Qb7 Nf5 34. Bxb6 Kh7 35. Qc6 g5 36. Qxd7 Rxd7 37. Red1 Rxd1+ 38. Rxd1 g4 39. Rd8 Ne7 40. Nd2 Be5 41. Rd7 Ng6 42. Nc4 1-0

[Event "Asian Nation Cup Women 2018"]
[Site "Hamedan"]
[Date "2018.07.29"]
[Round "2"]
[White "Aakanksha Hagawane"]
[Black "Zhai, Mo"]
[Result "1/2-1/2"]
[ECO "B13"]
[WhiteElo "2314"]
[BlackElo "2350"]
[Annotator "NA"]
[PlyCount "100"]
[EventDate "2018.07.27"]
[EventType "swiss"]
[EventCountry "IRI"]
[SourceTitle "playchess.com"]
[Source "ChessBase"]
[SourceQuality "1"]
[WhiteTeam "India"]
[BlackTeam "China"]
[WhiteTeamCountry "IND"]
[BlackTeamCountry "CHN"]
[TimeControl "40/5400+30:1800+30"]

1. e4 c6 2. d4 d5 3. exd5 cxd5 4. Bd3 Nc6 5. c3 Nf6 6. Nf3 Bg4 7. O-O Bxf3 8. Qxf3 g6 9. Bg5 Bg7 10. Nd2 O-O 11. Rfe1 Rc8 12. Qh3 Re8 13. Nf3 a6 14. Bh6 Qd7 15. Qh4 Qg4 16. Qxg4 Nxg4 17. Bxg7 Kxg7 18. h3 Nf6 19. Ne5 e6 20. f4 Rc7 21. Re3 Nxe5 22. fxe5 Nd7 23. Rf1 Nb6 24. g4 Na4 25. Rf2 b5 26. a3 Rb8 27. Rc2 Rbb7 28. Bf1 Nb6 29. b3 Rb8 30. Rf2 Nc8 31. h4 h6 32. Kh2 Ne7 33. Ref3 Nc6 34. Be2 Rbc8 35. Rf1 Nd8 36. Rc1 Nc6 37. Rcf1 Na5 38. Bd1 Kg8 39. h5 g5 40. R1f2 Rxc3 41. Rxf7 Rd3 42. Bc2 Rxd4 43. R7f6 Rf4 44. R2xf4 gxf4 45. Bg6 Nc6 46. Rxe6 Nd4 47. Re7 Nc6 48. Re6 Nd4 49. Re7 Nc6 50. Re6 Nd4 1/2-1/2

[Event "Asian Nation Cup Women 2018"]
[Site "Hamedan"]
[Date "2018.07.29"]
[Round "2"]
[White "Dauletova, Gulmira"]
[Black "Nguyen, Thi Mai Hung"]
[Result "1/2-1/2"]
[ECO "B32"]
[WhiteElo "2287"]
[BlackElo "2226"]
[Annotator "NA"]
[PlyCount "108"]
[EventDate "2018.07.27"]
[EventType "swiss"]
[EventCountry "IRI"]
[SourceTitle "playchess.com"]
[Source "ChessBase"]
[SourceQuality "1"]
[WhiteTeam "Uzbekistan"]
[BlackTeam "Iran"]
[WhiteTeamCountry "UZB"]
[BlackTeamCountry "IRI"]
[TimeControl "40/5400+30:1800+30"]

1. e4 c5 2. Nf3 Nc6 3. d4 cxd4 4. Nxd4 Qb6 5. Nb3 Nf6 6. Nc3 e6 7. Be3 Qc7 8. a3 a6 9. f4 d6 10. Qf3 Be7 11. Bd3 b5 12. e5 dxe5 13. fxe5 Nd7 14. O-O Ndxe5 15. Qg3 g6 16. Be4 Bb7 17. Nd4 Bd6 18. Ndxb5 axb5 19. Nxb5 Qb8 20. Bxc6+ Bxc6 21. Nxd6+ Qxd6 22. Rad1 Qc7 23. Bd4 f6 24. Rxf6 O-O-O 25. Rff1 Rd5 26. c4 Rxd4 27. Rxd4 Re8 28. b4 h5 29. b5 Bb7 30. Re1 Ng4 31. Qxc7+ Kxc7 32. c5 Nf6 33. c6 Bc8 34. a4 e5 35. Rc4 Kb6 36. c7 Nd5 37. Rc6+ Kb7 38. Rxg6 Nxc7 39. Rg5 e4 40. Rxh5 Kb6 41. Re3 Bb7 42. Rh6+ Ka5 43. Rh7 Nd5 44. Re1 Bc8 45. Rh4 e3 46. Rd4 Bb7 47. g3 Nb4 48. Rd7 Bf3 49. Rc1 e2 50. Kf2 Bg4 51. Rd2 Rf8+ 52. Kg1 Re8 53. Kf2 Rf8+ 54. Kg1 Re8 1/2-1/2

[Event "Asian Nation Cup Women 2018"]
[Site "Hamedan"]
[Date "2018.07.29"]
[Round "2"]
[White "Nguyen, Thi Thanh An"]
[Black "Nakhbayeva, Guliskhan"]
[Result "1-0"]
[ECO "E32"]
[WhiteElo "2257"]
[BlackElo "2352"]
[Annotator "NA"]
[PlyCount "109"]
[EventDate "2018.07.27"]
[EventType "swiss"]
[EventCountry "IRI"]
[SourceTitle "playchess.com"]
[Source "ChessBase"]
[SourceQuality "1"]
[WhiteTeam "Iran"]
[BlackTeam "Uzbekistan"]
[WhiteTeamCountry "IRI"]
[BlackTeamCountry "UZB"]
[TimeControl "40/5400+30:1800+30"]

1. d4 Nf6 2. c4 e6 3. Nc3 Bb4 4. Qc2 O-O 5. a3 Bxc3+ 6. Qxc3 b5 7. cxb5 c6 8. Qg3 Ne4 9. Qd3 d5 10. Nf3 cxb5 11. e3 a6 12. Be2 Nc6 13. Bd2 Bd7 14. O-O Qb6 15. Rfc1 Rfc8 16. Be1 h6 17. Nd2 Nxd2 18. Bxd2 Rc7 19. Rc5 Ne5 20. Qc3 Rxc5 21. dxc5 Qc7 22. b3 Nc6 23. Rd1 e5 24. Bc1 Be6 25. b4 f6 26. Bb2 Rd8 27. Qc2 Qf7 28. Bd3 f5 29. Qe2 f4 30. Bc2 fxe3 31. fxe3 Qe7 32. Qh5 Qf7 33. Bg6 Qc7 34. Rf1 Rd7 35. Qf3 Rd8 36. Qh5 Rd7 37. Qf3 Rd8 38. h3 a5 39. Qg3 axb4 40. axb4 Ra8 41. Bb1 Bf7 42. Qg4 Re8 43. Bd3 Rb8 44. Rf3 Qe7 45. Rg3 Qf6 46. Qd7 Nxb4 47. Qc7 Nxd3 48. Qxb8+ Kh7 49. Rf3 Qe6 50. Qxb5 Bg6 51. Qb6 Qe8 52. Rg3 Be4 53. c6 Nxb2 54. Qb7 Bg6 55. c7 1-0

[Event "Asian Nation Cup Women 2018"]
[Site "Hamedan"]
[Date "2018.07.30"]
[Round "3"]
[White "Khademalsharieh, Sarasadat"]
[Black "Hoang, Thi Bao Tram"]
[Result "1-0"]
[ECO "D12"]
[WhiteElo "2408"]
[BlackElo "2364"]
[Annotator "NA"]
[PlyCount "91"]
[EventDate "2018.07.27"]
[EventType "swiss"]
[EventCountry "IRI"]
[SourceTitle "playchess.com"]
[Source "ChessBase"]
[SourceQuality "1"]
[WhiteTeam "Iran"]
[BlackTeam "Vietnam"]
[WhiteTeamCountry "IRI"]
[BlackTeamCountry "VIE"]
[TimeControl "40/5400+30:1800+30"]

1. d4 d5 2. c4 c6 3. Nf3 Nf6 4. e3 Bf5 5. Nc3 e6 6. Nh4 Be4 7. f3 Bg6 8. Qb3 Qc7 9. Bd2 {[%emt 0:00:24] D12: Slav Defence: 3 Nf3 Nf6 4 e3 Bf5} Be7 {[%emt 0:01:39] LiveBook: 607 Games} 10. Nxg6 (10. g3 Nbd7 11. cxd5 exd5 12. O-O-O a5 13. Nxg6 hxg6 14. Qc2 a4 15. e4 a3 16. e5 axb2+ {0-1 (59) Le,Q (2737)-Mamedov,R (2709) Huaian 2017}) 10... hxg6 11. cxd5 Nxd5 12. O-O-O Nd7 13. Nxd5 exd5 14. Kb1 O-O-O 15. Rc1 Kb8 16. h3 {[%emt 0:11:23] [#]} Rhe8 ({Predecessor:} 16... Qd6 $146) 17. Be2 Bf6 18. Rc2 Nb6 19. Rd1 Re6 20. a4 Rde8 21. a5 Nc8 22. Rdc1 Qd7 23. Bf1 Ka8 24. e4 Ne7 25. e5 Bh4 26. g4 g5 27. Bd3 Rh6 28. a6 Rb8 29. Bb4 bxa6 30. Qa3 Nc8 31. Bf8 Nb6 32. Bd6 Rc8 33. Bxa6 Rhh8 34. Bxc8 Rxc8 35. Bc5 Nc4 36. Qa4 Rb8 37. b3 Rb5 38. Ra2 a5 39. Ka1 Ne3 40. Re2 Bg3 41. Rxe3 Bf4 42. Rec3 Bxc1 43. Rxc1 Qb7 44. Ka2 Kb8 45. Bd6+ Kc8 46. Rc5 1-0

[Event "Asian Nation Cup Women 2018"]
[Site "Hamedan"]
[Date "2018.07.30"]
[Round "3"]
[White "Nakhbayeva, Guliskhan"]
[Black "Guo, Qi"]
[Result "1/2-1/2"]
[ECO "E52"]
[WhiteElo "2352"]
[BlackElo "2361"]
[Annotator "NA"]
[PlyCount "45"]
[EventDate "2018.07.27"]
[EventType "swiss"]
[EventCountry "IRI"]
[SourceTitle "playchess.com"]
[Source "ChessBase"]
[SourceQuality "1"]
[WhiteTeam "Kazakhstan"]
[BlackTeam "China"]
[WhiteTeamCountry "KAZ"]
[BlackTeamCountry "CHN"]
[TimeControl "40/5400+30:1800+30"]

1. d4 Nf6 2. c4 e6 3. Nc3 Bb4 4. e3 O-O 5. Bd3 d5 6. Nf3 b6 7. a3 Bd6 8. e4 dxe4 9. Nxe4 Nbd7 10. O-O Bb7 11. Nxd6 cxd6 12. Bf4 Qe7 13. Re1 d5 14. Rc1 Rac8 15. Nd2 Rfd8 16. Qe2 dxc4 17. Nxc4 Nf8 18. Be5 $15 Ng6 19. h3 Nd5 20. Qh5 Nf6 21. Qe2 Nd5 22. Qh5 Nf6 23. Qe2 1/2-1/2

[Event "Asian Nation Cup Women 2018"]
[Site "Hamedan"]
[Date "2018.07.30"]
[Round "3"]
[White "Zhai, Mo"]
[Black "Dauletova, Gulmira"]
[Result "1-0"]
[ECO "E21"]
[WhiteElo "2350"]
[BlackElo "2287"]
[Annotator "NA"]
[PlyCount "151"]
[EventDate "2018.07.27"]
[EventType "swiss"]
[EventCountry "IRI"]
[SourceTitle "playchess.com"]
[Source "ChessBase"]
[SourceQuality "1"]
[WhiteTeam "China"]
[BlackTeam "Kazakhstan"]
[WhiteTeamCountry "CHN"]
[BlackTeamCountry "KAZ"]
[TimeControl "40/5400+30:1800+30"]

1. d4 Nf6 2. c4 e6 3. Nc3 Bb4 4. Nf3 d5 5. Qa4+ {[%emt 0:01:11] LiveBook: 1006 Games} Nc6 6. e3 Bd7 7. Qc2 dxc4 8. Bxc4 Na5 9. Bd3 c5 10. O-O Rc8 11. Bd2 cxd4 12. Nxd4 $11 O-O 13. Qd1 Nc6 14. Nf3 Qe7 15. Qe2 e5 16. Ng5 Bxc3 17. Bxc3 h6 18. Ne4 Nd5 19. Rfd1 Nxc3 20. Nxc3 Nb4 21. Be4 Bc6 22. a3 Bxe4 23. axb4 Bg6 24. Rxa7 Rfd8 25. b5 Rxd1+ 26. Qxd1 Rd8 27. Qe2 Bd3 28. Qf3 e4 29. Qh5 g6 30. Qxh6 Bxb5 31. h4 Bc6 32. Ra5 Qb4 33. Qg5 Re8 34. h5 Re6 35. hxg6 fxg6 36. Ra8+ Be8 37. Qd5 Qe7 38. Nxe4 Kg7 39. Qd4+ Kf7 40. Qd5 Kg7 41. Rb8 Bc6 42. Qd4+ Kf7 43. Rh8 Bxe4 44. Rh7+ Ke8 45. Rxe7+ Kxe7 46. b4 Bc6 47. Qc5+ Kd8 48. Qb6+ Kc8 49. b5 Bd7 50. Qc5+ Kd8 51. b6 Bc6 52. f3 Ke8 53. Kf2 Kf7 54. e4 Re7 55. Ke3 Re6 56. Kf4 Re7 57. Kg5 Re6 58. Qc4 Ke7 59. Qd4 Kf7 60. Kh6 Rf6 61. Qc4+ Re6 62. e5 Ke7 63. Qb4+ Kf7 64. Qf4+ Kg8 65. g3 Bd5 66. Qd4 Bc6 67. Qd8+ Kf7 68. Qd4 Kg8 69. f4 Kf7 70. g4 Ke8 71. Kg7 Bd7 72. Qc5 Re7+ 73. Kxg6 Bxg4 74. f5 Rd7 75. e6 Rd8 76. Kf6 1-0

[Event "Asian Nation Cup Women 2018"]
[Site "Hamedan"]
[Date "2018.07.30"]
[Round "3"]
[White "Pham, Le Thao Nguyen"]
[Black "Hejazipour, Mitra"]
[Result "1-0"]
[ECO "D02"]
[WhiteElo "2334"]
[BlackElo "2276"]
[Annotator "NA"]
[PlyCount "87"]
[EventDate "2018.07.27"]
[EventType "swiss"]
[EventCountry "IRI"]
[SourceTitle "playchess.com"]
[Source "ChessBase"]
[SourceQuality "1"]
[WhiteTeam "Vietnam"]
[BlackTeam "Iran"]
[WhiteTeamCountry "VIE"]
[BlackTeamCountry "IRI"]
[TimeControl "40/5400+30:1800+30"]

1. d4 d5 2. Nf3 Nf6 3. c4 e6 4. g3 Bb4+ 5. Bd2 Be7 6. Bg2 O-O 7. O-O c6 8. Qc2 b6 9. Bf4 Ba6 {[%emt 0:00:25] LiveBook: 225 Games} 10. Nbd2 Nbd7 11. Rfc1 c5 12. Ne5 $11 Bb7 13. dxc5 Bxc5 14. Nd3 Be7 15. Qd1 Nc5 16. Nxc5 bxc5 17. cxd5 exd5 18. Rc2 Qb6 19. Rac1 a5 20. Qe1 Rfe8 21. Be3 d4 22. Nc4 Qa6 23. Bxb7 Qxb7 24. Bg5 Ne4 25. Bxe7 Rxe7 26. Qf1 Ra6 27. Nd2 Nxd2 28. Rxd2 Qb4 29. Qd1 h5 30. Rdc2 Rae6 31. Qd3 g6 32. b3 Re5 33. Rc4 Qb6 34. R1c2 h4 35. gxh4 Qd6 36. Qg3 Qf6 37. Rxc5 Rxc5 38. Rxc5 Rxe2 39. h5 Qe7 40. Rc8+ Kg7 41. Rc7 Re1+ 42. Kg2 Qe4+ 43. f3 Qe3 44. Qxg6+ 1-0

[Event "Asian Nation Cup Women 2018"]
[Site "Hamedan"]
[Date "2018.07.30"]
[Round "3"]
[White "Alinasab, Mobina"]
[Black "Nguyen, Thi Thanh An"]
[Result "1-0"]
[ECO "B06"]
[WhiteElo "2281"]
[BlackElo "2257"]
[Annotator "NA"]
[PlyCount "79"]
[EventDate "2018.07.27"]
[EventType "swiss"]
[EventCountry "IRI"]
[SourceTitle "playchess.com"]
[Source "ChessBase"]
[SourceQuality "1"]
[WhiteTeam "Iran"]
[BlackTeam "Vietnam"]
[WhiteTeamCountry "IRI"]
[BlackTeamCountry "VIE"]
[TimeControl "40/5400+30:1800+30"]

1. e4 g6 2. d4 Bg7 3. Nc3 d5 4. e5 f6 $11 5. f4 Nh6 6. Nf3 Bg4 7. h3 Bxf3 8. Qxf3 Nf5 9. Qxd5 Nxd4 10. exf6 Bxf6 11. Qxd8+ Kxd8 12. Bd3 Bh4+ 13. Kd1 Nbc6 14. a3 Kd7 15. Ne4 Rad8 16. g3 Bf6 17. Nxf6+ exf6 18. Ke1 Kc8 19. Be3 Nf5 20. Bxf5+ gxf5 21. Kf2 h5 22. Rad1 b6 23. Kf3 Rxd1 24. Rxd1 Rh7 25. b4 a6 26. c4 Rd7 27. Rd2 Kd8 28. g4 Rxd2 29. Bxd2 hxg4+ 30. hxg4 Nd4+ 31. Ke3 Nc2+ 32. Kd3 Nxa3 33. Bc1 Nxc4 34. Kxc4 fxg4 35. Kd4 Ke7 36. Ke4 c5 37. bxc5 bxc5 38. f5 c4 39. Bb2 a5 40. Kf4 1-0

[Event "Asian Nation Cup Women 2018"]
[Site "Hamedan"]
[Date "2018.07.30"]
[Round "3"]
[White "Nguyen, Thi Mai Hung"]
[Black "Hamedi Nia, Vesal"]
[Result "1-0"]
[ECO "D30"]
[WhiteElo "2226"]
[BlackElo "2066"]
[Annotator "NA"]
[PlyCount "77"]
[EventDate "2018.07.27"]
[EventType "swiss"]
[EventCountry "IRI"]
[SourceTitle "playchess.com"]
[Source "ChessBase"]
[SourceQuality "1"]
[WhiteTeam "Vietnam"]
[BlackTeam "Iran"]
[WhiteTeamCountry "VIE"]
[BlackTeamCountry "IRI"]
[TimeControl "40/5400+30:1800+30"]

1. d4 d5 2. c4 e6 3. Nf3 Nf6 4. g3 Bb4+ 5. Nbd2 c6 6. Qc2 Nbd7 7. Bg2 O-O 8. O-O b6 9. e4 dxe4 10. Nxe4 Bb7 11. Rd1 Qc8 12. Nxf6+ Nxf6 $16 13. c5 bxc5 14. dxc5 Ba5 15. Ng5 Bc7 16. b3 Be5 17. Rb1 Rd8 18. Be3 h6 19. Nf3 Qc7 20. Re1 Nd5 21. Bxh6 Bf6 22. Bg5 a5 23. Bxf6 Nxf6 24. Ng5 Ba6 25. Rbd1 Bb5 26. Ne4 Nd5 27. Nd6 Ba6 28. Rd4 Rxd6 29. cxd6 Qxd6 30. Rh4 f5 31. Qd1 Rd8 32. Bxd5 cxd5 33. Qh5 Bb5 34. Qh7+ Kf7 35. Rh6 Bd7 36. Qxf5+ Kg8 37. Qh7+ Kf8 38. Rg6 Qe7 39. Qh8+ 1-0

[Event "Asian Nation Cup Women 2018"]
[Site "Hamedan"]
[Date "2018.07.31"]
[Round "4"]
[White "Shen, Yang"]
[Black "Asadi, Motahare"]
[Result "1-0"]
[ECO "A61"]
[WhiteElo "2462"]
[BlackElo "2157"]
[Annotator "RC"]
[PlyCount "195"]
[EventDate "2018.07.27"]
[EventType "swiss"]
[EventCountry "IRI"]
[SourceTitle "playchess.com"]
[Source "ChessBase"]
[SourceQuality "1"]
[WhiteTeam "China"]
[BlackTeam "Iran"]
[WhiteTeamCountry "CHN"]
[BlackTeamCountry "IRI"]
[TimeControl "40/5400+30:1800+30"]

1. d4 Nf6 2. c4 c5 3. d5 e6 4. Nc3 exd5 5. cxd5 d6 6. Nf3 g6 7. Nd2 a6 8. a4 Nbd7 9. e4 Bg7 10. Be2 O-O 11. O-O Ne8 12. Ra3 f5 13. exf5 Rxf5 14. a5 b5 15. axb6 Nxb6 16. Nde4 Nf6 17. Bg5 Qc7 18. Bxf6 Bxf6 19. Bg4 Rf4 20. Bxc8 Nxc8 21. g3 Rf5 22. Qe2 Bxc3 23. Nxc3 Qe7 24. Qxe7 Nxe7 25. Ne4 Nxd5 26. Rd1 Nb6 27. Nxd6 Re5 28. Rb3 Nd7 29. Nc4 Re7 30. Rb7 Rd8 31. Rd6 Kf7 32. Kg2 Ke8 33. Rxa6 Nf6 34. Rb5 Ne4 35. h4 Rd5 36. Ra8+ Kf7 37. Rbb8 Nd2 38. Ne3 Rd3 39. h5 Ne4 40. Rf8+ Ke6 41. Ra6+ Rd6 42. Rxd6+ Nxd6 43. hxg6 hxg6 44. Rg8 Kf7 45. Rb8 Ke6 46. Rb6 Kd7 47. Kf3 Rf7+ 48. Ke2 Kc7 49. Ra6 Rf8 50. Nd5+ Kd7 51. Ra7+ Ke6 52. Nf4+ Kf5 53. Ra6 Rf6 54. b3 Ke5 55. Ra4 Nb5 56. Ke3 Nd4 57. Ra5 Kd6 58. Ra6+ Nc6 59. Ne2 Re6+ 60. Kd2 Ke5 61. Ra8 Ke4 62. Rf8 Rd6+ 63. Ke1 Kd3 64. Rf3+ Ke4 65. Re3+ Kf5 66. Rc3 Rd5 67. Nf4 Re5+ 68. Kf1 Nd4 69. Nd3 Rd5 70. Nxc5 Nb5 71. Rc4 g5 72. Kg2 Nd6 73. Rc2 g4 74. Na4 Ne4 75. Nb6 Rb5 76. Nc4 Rxb3 77. Ra2 Nf6 78. Ra5+ Ke6 79. Ne3 Rb7 80. Ra4 Rg7 81. Kf1 Rg5 82. Ke2 Re5 83. Kd3 Rg5 84. Kd4 Kf7 85. Ra7+ Kg6 86. Ra6 Kf7 87. Kc4 Ne4 88. Ra2 Nf6 89. Rd2 Ke6 90. Rd4 Ra5 91. Kb3 Rb5+ 92. Kc3 Rc5+ 93. Kd3 Rg5 94. Nc4 Rd5 95. Ke3 Rxd4 96. Kxd4 Kf5 97. Nd6+ Kg5 98. Ne4+ 1-0